 Dungeon Crawl Stone Soup version 0.28.0 (webtiles) character file.

Game seed: 13976686241036753950

60221 wat the Warrior (level 14, -3/137 HPs)
             Began as a Minotaur Berserker on Feb 6, 2022.
             Was a High Priest of Trog.
             Slain by an orc knight (28 damage)
             ... on level 2 of the Orcish Mines.
             The game lasted 00:54:00 (23056 turns).

wat the Warrior (Minotaur Berserker)               Turns: 23056, Time: 00:54:00

Health: -3/137     AC: 24    Str: 28    XL:     14   Next: 56%
Magic:  13/13      EV:  7    Int:  4    God:    Trog [*****.]
Gold:   2062       SH: 23    Dex:  9    Spells: 13/13 levels left

rFire   + . .      SeeInvis .   a - +4 broad axe (venom)
rCold   + . .      Faith    .   L - +2 tower shield {rC+}
rNeg    . . .      Spirit   .   Z - +2 plate armour {rF+}
rPois   +          Reflect  +   (helmet restricted)
rElec   .          Harm     .   H - +0 cloak
rCorr   .          Rampage  .   v - +2 pair of gloves
Will    +....                   (no boots)
Stlth   ..........              c - amulet of reflection
HPRegen 0.32/turn               s - +4 ring of slaying
MPRegen 0.13/turn               R - ring of poison resistance

@: about to teleport
A: horns 2, retaliatory headbutt
a: Renounce Religion, Berserk, Trog's Hand, Brothers in Arms


You were on level 2 of the Orcish Mines.
You worshipped Trog.
Trog was extremely pleased with you.
You visited 3 branches of the dungeon, and saw 19 of its levels.
You also visited: Bailey.

You collected 2569 gold pieces.
You spent 507 gold pieces at shops.

Inventory:

Hand Weapons
 a - a +4 broad axe of venom (weapon)
 b - a +0 flail of holy wrath
 B - the +1 hunting sling of Terra Cotta {speed, rF+ Will- Dex+3}
   (You found it on level 1 of the Lair of Beasts)

   Attacks with this weapon are significantly faster.
   Dex:       It affects your dexterity (+3).
   rF:        It protects you from fire.
   Will:      It decreases your willpower.
 T - a +2 vampiric hand axe
 U - a +2 hand axe of distortion
 W - a +2 executioner's axe of flaming
Missiles
 l - 130 sling bullets
 o - 7 throwing nets
 p - 30 poisoned darts (quivered)
 C - 15 boomerangs
 O - 4 javelins
Armour
 k - a +2 crystal plate armour
 v - a +2 pair of gloves (worn)
 H - a +0 cloak (worn)
 L - a +2 tower shield of cold resistance (worn)
 P - a +2 scale mail of cold resistance
 Z - a +2 plate armour of fire resistance (worn)
Jewellery
 c - an amulet of reflection (around neck)
 g - a ring of resist corrosion
 s - a +4 ring of slaying (left hand)
 w - a ring of flight
 x - a ring of fire
 z - a ring of positive energy
 R - a ring of poison resistance (right hand)
Wands
 h - a wand of iceblast (27)
 t - a wand of acid (23)
 G - a wand of paralysis (4)
 N - a wand of charming (5)
 V - a wand of flame (8)
 Y - a wand of mindburst (24)
Scrolls
 f - a scroll of amnesia {unknown}
 i - 3 scrolls of brand weapon
 j - 6 scrolls of teleportation
 n - 4 scrolls of fog
 u - a scroll of enchant armour
 y - 2 scrolls of blinking
 E - 5 scrolls of fear
 J - a scroll of magic mapping
 K - 3 scrolls of silence
 Q - a scroll of summoning
Potions
 d - 2 potions of attraction
 e - 8 potions of curing
 m - 4 potions of heal wounds
 q - 5 potions of might
 A - a potion of cancellation {unknown}
 M - 3 potions of resistance
 S - a potion of berserk rage {unknown}
 X - 3 potions of haste


   Skills:
 * Level 16.2 Fighting
 + Level 15.1 Axes
 - Level 4.9(5.0) Slings
 - Level 1.0(2.9) Throwing
 * Level 15.6 Armour
 - Level 6.0 Dodging
 - Level 2.0 Stealth
 * Level 13.3 Shields


You had 13 spell levels left.
You didn't know any spells.
Your spell library was empty.

Dungeon Overview and Level Annotations

Branches:
Dungeon (11/15)            Temple (0/1) D:7            Lair (6/6) D:8
  Swamp (0/4) Lair:4       Spider (0/4) Lair:4        Slime (0/5) Lair:5
    Orc (2/2) D:9             Elf (0/3) Orc:2        Bailey (visited)

Altars:
Ashenzari
Dithmenos
Fedhas
Kikubaaqudgha
Wu Jian
Xom
The Shining One

Shops:
D:5 :   Orc:1 (*?

Annotations:
D:8 3 runed translucent doors, JerBear56's ghost, novice GnFi


Innate Abilities, Weirdness & Mutations

You have a pair of horns on your head.
You reflexively headbutt those who attack you in melee.


Message History

Trog accepts your kill. You block the orc knight's attack.
The orc warrior hits you but does no damage.
An orc priest comes into view. It is wielding a +0 dagger.
The orc priest shouts!
An orc knight comes into view. It is wielding a +0 war axe.
You block the orc knight's attack.
Things that are here:
a +0 halberd; a +0 plate armour You barely miss the orc knight.
You block the orc warrior's attack.
The orc knight roars a battlecry!
The orc knight goes into a battle-frenzy!
The orc priest calls down the wrath of Beogh upon you.
Beogh smites you!
You hear a shout!
You slash the orc priest! You headbutt the orc priest!
You kill the orc priest!
Trog accepts your kill.
You slash the orc knight!
The orc knight looks as sick as possible!
You block the orc warrior's attack.
The orc knight roars a battlecry!
The orc warrior goes into a battle-frenzy!
An orc comes into view. It is wielding a +0 hand axe.
You hit the orc knight but do no damage.
The orc knight is lightly wounded.
An orc comes into view. It is wielding a +0 club.
You block the orc warrior's attack.
The orc knight hits you with a +0 bardiche!!!
* * * LOW HITPOINT WARNING * * *
Unknown command.
You hit the orc knight.
The orc knight is moderately wounded.
You hit the orc knight.
The orc warrior hits you but does no damage.
You block the orc knight's attack. x2
As you read the scroll of teleportation, it crumbles to dust.
You feel strangely unstable. You block the orc warrior's attack.
The orc knight hits you with a +0 bardiche!!
You die...

...#... ....... ...#...
.. ......# ... o..#..#
...## o....# ....####
#######o..## .....#.#
#....)@o...#
.......####...o.........
......##.##))..)........
......)...))))...#......
.....).).)).).).........
...)..).##..).#.........
..))...####.............
..)##### ##.......$....
..)..# #....##....


You could see 2 orc knights, an orc warrior (strong), an orc priest (strong) and
an orc (strong).

Vanquished Creatures
  Jorgrun (Orc:1)
  Nessos (Lair:6)
  Fannar (Orc:1)
  Harold (D:8)
  A catoblepas (Lair:5)
  5 hydras
  2 centaur warriors (D:8)
  A two-headed ogre (D:8)
  3 death yaks (Lair:5)
  An orc high priest (Orc:2)
  Pikel (D:8)
  An orc knight (Orc:2)
  An oklob plant (Lair:3)
  A wolf spider (Lair:4)
  3 manticores
  12 elephants
  Maurice (D:9)
  4 black mambas
  An eye of devastation (Lair:5)
  Joseph (D:8)
  3 centaur zombies (D:10)
  A gargoyle (Bailey)
  2 torpor snails
  Maggie (Lair:2)
  11 cane toads
  3 rime drakes
  12 komodo dragons
  A kobold demonologist (D:9)
  9 polar bears (Lair:6)
  4 trolls
  Grinder (D:3)
  Prince Ribbit (D:5)
  A hornet (D:8)
  2 raiju (Lair:6)
  17 blink frogs
  2 tyrant leeches (Lair:4)
  Sigmund (D:2)
  A jumping spider (Lair:4)
  A shadow (D:8)
  A culicivora (Lair:4)
  2 wyverns
  39 yaks
  2 vampires (Bailey)
  3 basilisks
  A redback (Lair:4)
  8 wargs
  A swamp worm (Lair:4)
  An acid dragon (D:9)
  15 water moccasins
  A floating eye (Lair:5)
  13 hell hounds (Lair:6)
  A hornet zombie (D:9)
  16 black bears
  17 orc warriors
  A sky beast (D:8)
  An ice beast (D:6)
  A necrophage (D:7)
  31 wolves
  5 ogres
  A centaur (D:5)
  2 phantoms
  17 bullfrogs
  2 wyvern zombies (D:8)
  4 scorpions
  A water moccasin zombie (D:7)
  10 killer bees
  6 vampire bats (Bailey)
  3 wights (D:7)
  2 electric eels
  6 wolf zombies (Bailey)
  4 howler monkeys
  A bullfrog zombie (D:7)
  4 hounds
  3 jellies
  3 bullfrog skeletons
  28 orc priests
  A gnoll shaman (D:6)
  4 iguanas
  Ijyb (D:3)
  Natasha (thrice) (D:4)
  Terence (D:2)
  15 orc wizards
  A hound zombie (D:5)
  Robin (D:3)
  8 gnolls
  24 orc zombies (Bailey)
  5 adders
  A shadow imp (D:5)
  A white imp (D:7)
  An ufetubus (D:4)
  2 adder skeletons (D:5)
  3 dart slugs
  61 orcs
  7 endoplasms
  A giant cockroach (D:1)
  25 goblins
  6 hobgoblins
  5 jackals (D:1)
  5 kobolds
  4 quokkas
  7 ball pythons
  2 bats
  2 frilled lizards
  6 rats
577 creatures vanquished.

Vanquished Creatures (collateral kills)
  An orc sorcerer (Orc:1)
  A komodo dragon (D:8)
  2 orc warriors (Orc:1)
  An ogre (Orc:1)
  A centaur zombie (D:8)
  An orc priest (Orc:1)
  A gnoll shaman (D:8)
  2 orcs (Orc:1)
10 creatures vanquished.

Vanquished Creatures (others)
  37 fungi
  60 plants
97 creatures vanquished.

Grand Total: 684 creatures vanquished

Notes
Turn   | Place    | Note
-------+----------+-------------------------------------------
     0 | D:1      | wat the Minotaur Berserker began the quest for the Orb.
     0 | D:1      | Reached XP level 1. HP: 19/19 MP: 0/0
    30 | D:1      | Found a faded altar of an unknown god.
   200 | D:1      | Reached XP level 2. HP: 27/27 MP: 1/1
   222 | D:1      | Reached skill level 4 in Fighting
  1561 | D:1      | Reached XP level 3. HP: 30/33 MP: 2/2
  2072 | D:2      | Reached ** piety under Trog
  2170 | D:2      | Noticed Terence
  2177 | D:2      | Killed Terence
  2178 | D:2      | Reached XP level 4. HP: 41/41 MP: 3/3
  2276 | D:2      | Noticed Sigmund
  2294 | D:2      | Killed Sigmund
  2295 | D:2      | Reached skill level 5 in Axes
  2295 | D:2      | Reached XP level 5. HP: 34/47 MP: 0/4
  3218 | D:3      | Noticed an ogre
  3228 | D:3      | Killed an ogre
  3229 | D:3      | Reached skill level 5 in Fighting
  3229 | D:3      | Reached XP level 6. HP: 28/56 MP: 5/5
  3526 | D:3      | Noticed Grinder
  3545 | D:3      | Paralysed by Grinder for 7 turns
  3554 | D:3      | Killed Grinder
  3555 | D:3      | Reached XP level 7. HP: 13/61 MP: 6/6
  3852 | D:3      | Noticed Robin
  3859 | D:3      | Reached skill level 5 in Armour
  3863 | D:3      | Killed Robin
  4035 | D:3      | Noticed Ijyb
  4042 | D:3      | Killed Ijyb
  4043 | D:3      | Reached skill level 1 in Throwing
  4219 | D:4      | Found a shadowy altar of Dithmenos.
  4308 | D:4      | Noticed Natasha
  4315 | D:4      | Killed Natasha
  4367 | D:4      | Noticed Natasha
  4373 | D:4      | Killed Natasha
  4514 | D:4      | Noticed Natasha
  4527 | D:4      | Killed Natasha
  4795 | D:4      | Reached skill level 1 in Stealth
  5003 | D:4      | Reached XP level 8. HP: 62/70 MP: 7/7
  5003 | D:4      | Reached *** piety under Trog
  5014 | D:4      | Reached skill level 6 in Fighting
  5477 | D:5      | Entered Level 5 of the Dungeon
  5554 | D:5      | Found Emoga's Book Emporium.
  5734 | D:5      | Noticed Prince Ribbit
  5737 | D:5      | Found a broken altar of Ashenzari.
  5742 | D:5      | Saw a vision of the Swamp and the Spider Nest.
  5742 | D:5      | Noticed a wolf spider
  5742 | D:5      | Noticed a goliath frog
  5742 | D:5      | Noticed an alligator
  5742 | D:5      | Noticed an alligator
  5744 | D:5      | Noticed a wolf spider
  5748 | D:5      | Killed Prince Ribbit
  6316 | D:6      | Reached XP level 9. HP: 78/78 MP: 8/8
  6558 | D:6      | Reached skill level 10 in Axes
  7881 | D:7      | Reached **** piety under Trog
  8112 | D:7      | Reached skill level 7 in Fighting
  8272 | D:7      | Found a staircase to the Ecumenical Temple.
  8344 | D:7      | Found an ancient bone altar of Kikubaaqudgha.
  8502 | D:7      | Reached skill level 8 in Fighting
  8630 | D:7      | Found a shimmering altar of Xom.
  8630 | D:7      | Found a glowing golden altar of the Shining One.
  8877 | D:8      | Reached skill level 5 in Dodging
  8877 | D:8      | Reached XP level 10. HP: 88/88 MP: 9/9
  8878 | D:8      | Noticed Pikel
  8882 | D:8      | Killed Pikel
  8891 | D:8      | Noticed a two-headed ogre
  8907 | D:8      | Killed a two-headed ogre
  8908 | D:8      | Reached skill level 9 in Fighting
  8908 | D:8      | Reached skill level 10 in Armour
  8912 | D:8      | Noticed Harold
  8932 | D:8      | Killed Harold
  9212 | D:8      | Reached skill level 1 in Shields
  9214 | D:8      | Found a runed translucent gate.
  9216 | D:8      | Found a runed translucent gate.
  9217 | D:8      | Found a runed translucent gate.
  9220 | D:8      | Noticed JerBear56's ghost (novice GnFi)
  9231 | D:8      | Reached skill level 10 in Fighting
  9422 | D:8      | Noticed Joseph
  9432 | D:8      | Killed Joseph
  9732 | D:8      | Found a staircase to the Lair.
  9742 | D:8      | Reached XP level 11. HP: 95/101 MP: 10/10
  9866 | D:8      | You fall into a shaft and drop 3 floors!
  9878 | D:10     | Entered Level 10 of the Dungeon
 10006 | D:10     | Found a flagged portal.
 10042 | Bailey   | Entered a bailey
 10079 | Bailey   | Reached skill level 11 in Fighting
 10247 | Bailey   | Reached skill level 5 in Shields
 10366 | Bailey   | Reached ***** piety under Trog
 10886 | Bailey   | Found the +3 Elemental Staff {rElec rF++ rC++ AC+5}
 10890 | Bailey   | Identified the -6 pair of gloves of Space {Str-2 Dex+8}
 11851 | D:9      | Noticed a sun demon
 12242 | D:9      | Found a staircase to the Orcish Mines.
 12322 | D:9      | Found an ornate altar of the Wu Jian Council.
 12787 | D:9      | Noticed Maurice
 12806 | D:9      | Killed Maurice
 13161 | D:8      | Reached skill level 12 in Fighting
 13247 | D:8      | Noticed a centaur warrior
 13255 | D:8      | Noticed a centaur warrior
 13262 | D:8      | Killed a centaur warrior
 13272 | D:8      | Killed a centaur warrior
 13812 | Lair:1   | Entered Level 1 of the Lair of Beasts
 13812 | Lair:1   | Noticed a six-headed hydra
 13823 | D:8      | Killed a six-headed hydra
 13824 | D:8      | Reached XP level 12. HP: 113/113 MP: 11/11
 13998 | D:8      | Identified a scroll of acquirement
 13998 | D:8      | Acquired a +2 crystal plate armour
 14425 | Lair:1   | Noticed a four-headed hydra
 14441 | Lair:1   | Killed a four-headed hydra
 14442 | Lair:1   | Reached skill level 13 in Fighting
 14577 | Lair:1   | Identified the +1 hunting sling of Terra Cotta {speed, rF+
                  | Will- Dex+3}
 15712 | Lair:2   | Reached skill level 10 in Shields
 15724 | Lair:2   | Noticed Maggie
 15732 | Lair:2   | Killed Maggie
 15732 | Lair:2   | Received a gift from Trog
 16216 | Lair:3   | Reached skill level 14 in Fighting
 16236 | Lair:3   | Noticed a five-headed hydra
 16247 | Lair:3   | Killed a three-headed hydra
 16348 | Lair:3   | Noticed a seven-headed hydra
 16369 | Lair:3   | Killed a seven-headed hydra
 16370 | Lair:3   | Reached skill level 1 in Slings
 16370 | Lair:3   | Reached XP level 13. HP: 124/124 MP: 12/12
 18147 | Lair:4   | Found a staircase to the Swamp.
 18640 | Lair:4   | Found a hole to the Spider Nest.
 19638 | Lair:5   | Reached skill level 15 in Fighting
 19644 | Lair:5   | Received a gift from Trog
 19781 | Lair:5   | Found a staircase to the Slime Pits.
 19785 | Lair:5   | Paralysed by a floating eye for 3 turns
 19790 | Lair:5   | Paralysed by a floating eye for 2 turns
 20718 | Lair:6   | Entered Level 6 of the Lair of Beasts
 20873 | Lair:6   | Found a blossoming altar of Fedhas.
 20998 | Lair:6   | Reached XP level 14. HP: 119/135 MP: 13/13
 21189 | Lair:6   | Noticed Nessos
 21199 | Lair:6   | Killed Nessos
 21200 | Lair:6   | Reached skill level 15 in Armour
 21297 | Lair:6   | Received a gift from Trog
 22008 | Orc:1    | Entered Level 1 of the Orcish Mines
 22043 | Orc:1    | Found Wosa's Assorted Antiques.
 22050 | Orc:1    | Noticed Jorgrun
 22068 | Orc:1    | Killed Jorgrun
 22069 | Orc:1    | Reached skill level 16 in Fighting
 22117 | Orc:1    | Found Ytreje's Magic Scroll Boutique.
 22122 | Orc:1    | Noticed Fannar
 22130 | Orc:1    | Killed Fannar
 22131 | Orc:1    | Reached skill level 15 in Axes
 22253 | Orc:1    | Bought a scroll labelled ZIUVVORELU for 27 gold pieces
 22347 | Orc:1    | Bought a scroll of identify for 26 gold pieces
 22347 | Orc:1    | Bought a scroll of identify for 26 gold pieces
 22347 | Orc:1    | Bought a scroll of enchant armour for 97 gold pieces
 22347 | Orc:1    | Bought a scroll of teleportation for 39 gold pieces
 22347 | Orc:1    | Bought a scroll of blinking for 97 gold pieces
 22347 | Orc:1    | Bought 2 scrolls of silence for 195 gold pieces
 22655 | Orc:1    | Found Ywat's Antique Weapon Shop.
 22748 | Orc:2    | Entered Level 2 of the Orcish Mines
 22780 | Orc:2    | Found a staircase to the Elven Halls.
 23056 | Orc:2    | Slain by an orc knight

Illustrated notes

Levels and vault maps discovered:
D:1:      evilmike_arrival_crescent, layout_basic,
          ebering_ecumenical_altar_webs, chequers_serial_rivers_room_b,
          interstate_on_off, kennysheep_pointless_box
D:2:      layout_rooms, uniq_sigmund, uniq_terence
D:3:      layout_rooms, minivault_4, corexii_corridor_pit, uniq_grinder,
          uniq_robin, uniq_ijyb
D:4:      layout_basic, nicolae_dithmenos_the_darkroom, uniq_natasha
D:5:      layout_gridville, grunt_ashenzari_visionary
          [grunt_ashenzari_visionary_swamp, grunt_ashenzari_visionary_spider],
          serial_shops, nicolae_shop_trees, uniq_prince_ribbit1
D:6:      layout_layer_cave, grunt_decor_fettered
D:7:      layout_rooms, gammafunk_temple_overflow_claw,
          minmay_temple_entry_proselytizer
D:8:      minmay_klotski, layout_rooms, grunt_lair_entry_orc_guard_hut,
          gammafunk_ghost_necromancy, st_stairs_7, minmay_misc_feat_pillars,
          uniq_joseph, uniq_harold, uniq_pikel
D:9:      layout_gridville, nicolae_wu_jian_immortal_techniques, erik_orc_3,
          uniq_maurice
D:10:     layout_rooms, enter_bailey_3
D:11:     layout_loops_ring, gauntlet_entry_generic, grunt_ministairs_3,
          uniq_urug, uniq_nergalle
Lair:1:   layout_chaotic_city, lemuel_old_faithful, infiniplex_staircase_pool
Lair:2:   layout_hall_layers, grunt_megastairs_4, uniq_maggie
Lair:3:   layout_big_grid, serial_bayou_shore_a
Lair:4:   layout_hall_layers, minmay_swamp_entry_worms,
          spider_nest_entry_funnel_web, grunt_forest_small_clearings
Lair:5:   layout_cave_shapes, minmay_slime_entry_eyes, lemuel_fruit_fields,
          grunt_megastairs_1, infiniplex_staircase_pool_2
Lair:6:   hangedman_lair_caniforms_friends, layout_loops_ring, wormcave,
          basic_altar, serial_bayou_lagoon_a, uniq_nessos
Orc:1:    layout_diamond_mine, serial_shops, nicolae_shop_advertising_works
          [nicolae_subvault_shop_adworks], nicolae_lakefront_shop, shop,
          uniq_fannar, uniq_jorgrun
Orc:2:    st_orc_pillars, layout_diamond_mine

Skill      XL: |  1  2  3  4  5  6  7  8  9 10 11 12 13 14 |
---------------+-------------------------------------------+-----
Axes           | 4 5 6 7 9 11 12 13 14 15 | 15.1
Fighting       | 4 5 6 8 10 12 14 15 16 | 16.2
Armour         | 3 4 6 7 9 10 11 13 14 15 | 15.6
Dodging        | 3 4 5 6 |  6.0
Throwing       | 1 |  1.0
Stealth        | 1 2 |  2.0
Shields        | 3 8 10 12 13 | 13.3
Slings         | 1 4 |  4.9

Action                   |  1- 3 |  4- 6 |  7- 9 | 10-12 | 13-15 || total
-------------------------+-------+-------+-------+-------+-------++-------
Melee: Hand axe          |    80 |    47 |   303 |    22 |       ||   452
       Headbutt          |    12 |     9 |    61 |    92 |   113 ||   287
       Punch             |       |       |     4 |     2 |       ||     6
       Broad axe         |       |       |       |   457 |   465 ||   922
       Flail             |       |       |       |    33 |     2 ||    35
       Executioner's axe |       |       |       |     4 |     4 ||     8
 Fire: Hunting sling     |       |       |       |       |    24 ||    24
Throw: Stone             |     3 |     1 |     2 |       |       ||     6
       Dart              |       |     3 |       |    17 |     3 ||    23
Invok: Berserk           |     1 |     1 |     2 |     6 |     1 ||    11
       Trog's Hand       |       |     1 |       |     5 |     5 ||    11
       Brothers in Arms  |       |       |       |     1 |     2 ||     3
Evoke: Wand              |       |       |       |     3 |    13 ||    16
  Use: Scroll            |       |       |     5 |    15 |     6 ||    26
       Potion            |       |       |       |     6 |       ||     6
Armor: Animal skin       |     9 |       |       |       |       ||     9
       Scale mail        |    19 |     6 |    75 |       |       ||   100
       Plate armour      |       |       |    32 |   299 |   206 ||   537
Dodge: Dodged            |    54 |    14 |   124 |   181 |    91 ||   464
Block: Other             |       |       |       |    18 |     2 ||    20
       Buckler           |       |       |       |   187 |       ||   187
       Reflection        |       |       |       |     2 |    14 ||    16
       Tower shield      |       |       |       |    25 |   566 ||   591
